 Dungeon Crawl Stone Soup version 0.30.0-16-gbe6223bb7e (webtiles) character file.

Game seed: 13825898973908534200

214 booth the Chopper (level 5, -8/36 (43) HPs)
             Began as a Gnoll Reaver on May 20, 2023.
             Mangled by a wyvern (10 damage)
             ... on level 6 of the Dungeon.
             The game lasted 00:17:22 (2730 turns).

booth the Chopper (Gnoll Reaver)                    Turns: 2730, Time: 00:17:23

HP:   -8/36 (43)    AC:  6    Str: 13    XL:     5   Next: 92%
MP:   11/12         EV: 13    Int: 12    God:
Gold: 178           SH:  0    Dex: 11    Spells: 5/14 levels left

rFire   . . .        a - +0 hand axe (flame)
rCold   . . .        (no shield)
rNeg    . . .        b - +0 leather armour
rPois   .            n - +2 hat
rElec   .            m - +0 cloak
rCorr   .            (no gloves)
SInv    .            (no boots)
Will    .....        (no amulet)
Stlth   +            (no ring)
HPRegen 0.26/turn    (no ring)
MPRegen 0.13/turn

%: no passive effects
@: heavily drained
A: fangs 1, strong nose, distributed training
a: no special abilities


You were on level 6 of the Dungeon.
You visited 1 branch of the dungeon, and saw 4 of its levels.

You collected 178 gold pieces.

Inventory:

Hand Weapons
 a - a +0 hand axe of flaming (weapon)
 e - a +2 dagger of venom
Missiles
 c - 10 boomerangs
 q - 6 poisoned darts (quivered)
Armour
 b - a +0 leather armour (worn)
 f - a +0 scale mail of cold resistance
 m - a +0 cloak (worn)
 n - a +2 hat (worn)
Scrolls
 d - 2 scrolls of teleportation
 i - a scroll of torment {unknown}
 j - a scroll of enchant armour {unknown}
 l - a scroll of fear {unknown}
 o - a scroll of amnesia {unknown}
Potions
 g - a potion of heal wounds {unknown}
 h - a potion of brilliance {unknown}
 k - a potion of attraction {unknown}


   Skills:
 + Level 4.9 Fighting
 + Level 1.8 Short Blades
 + Level 1.8 Long Blades
 + Level 6.8 Axes
 + Level 1.8 Maces & Flails
 + Level 1.8 Polearms
 + Level 1.8 Staves
 + Level 1.8 Ranged Weapons
 + Level 1.8 Throwing
 + Level 1.8 Armour
 + Level 4.9 Dodging
 + Level 1.8 Stealth
 + Level 1.8 Shields
 + Level 1.8 Unarmed Combat
 + Level 5.3 Spellcasting
 + Level 5.6 Conjurations
 + Level 1.4 Hexes
 + Level 1.4 Summonings
 + Level 1.4 Necromancy
 + Level 1.4 Translocations
 + Level 1.4 Transmutations
 + Level 1.4 Fire Magic
 + Level 1.4 Ice Magic
 + Level 1.4 Air Magic
 + Level 1.4 Earth Magic
 + Level 1.4 Poison Magic
 + Level 2.0 Invocations
 + Level 1.8 Evocations


You had 5 spell levels left.
You knew the following spells:

 Your Spells              Type           Power      Damage    Failure   Level
a - Kiss of Death         Conj/Necr      44%        2d8       6%          1
b - Momentum Strike       Conj/Tloc      22%        3d8       9%          2
c - Hailstorm             Conj/Ice       11%        3d5       17%         3
d - Apportation           Tloc           12%        N/A       14%         1
e - Blink                 Tloc           12%        N/A       22%         2

Your spell library contained the following spells:

 Spells                   Type           Power      Damage    Failure   Level
 Ensorcelled Hibernation  Hex/Ice        12%        N/A       22%         2
 Lesser Beckoning         Tloc           12%        N/A       22%         2
 Passwall                 Tmut/Erth      5%         N/A       22%         2
 Swiftness                Air            6%         N/A       38%         3
 Alistair's Intoxication  Tmut/Pois      4%         N/A       98%         5


Dungeon Overview and Level Annotations

Branches:
Dungeon (6/15)
 Temple: D:4-7

Altars:


Innate Abilities, Weirdness & Mutations

You have very sharp teeth.
Your uncanny sense of smell can sniff out nearby items.
Your experience applies equally to all skills.


Message History

The wyvern hisses angrily.
A wyvern is nearby!
You hit the wyvern. You burn the wyvern. Your punch misses the wyvern.
The wyvern is lightly wounded.
The wyvern bites you! x2
You hit the wyvern but do no damage.
The wyvern is lightly wounded.
The wyvern barely misses you.
You hit the wyvern but do no damage.
The wyvern is lightly wounded.
The wyvern misses you.
Cast which spell? (? or * to list)
Aiming: Kiss of Death (safe; 6% risk of failure)
Press: ? - help, Shift-Dir - straight line, f - wyvern
Aim: a wyvern (lightly wounded, 100% to hit)
The negative energy hits the wyvern.
The wyvern is drained!
The wyvern is moderately wounded.
You feel drained.
The wyvern bites you but does no damage.
The wyvern bites you!
You hit the wyvern but do no damage.
The wyvern is moderately wounded.
The wyvern bites you but does no damage.
You hit the wyvern but do no damage. You bite the wyvern, but do no damage.
The wyvern is moderately wounded.
The wyvern bites you.
* * * LOW HITPOINT WARNING * * *
The wyvern bites you.
* * * LOW HITPOINT WARNING * * *
You hit the wyvern. You burn the wyvern.
The wyvern is moderately wounded.
The wyvern barely misses you.
You barely miss the wyvern. Your bite misses the wyvern.
The wyvern is moderately wounded.
The wyvern bites you.
* * * LOW HITPOINT WARNING * * *
You barely miss the wyvern.
The wyvern is moderately wounded.
The wyvern bites you!
You die...

#.# #.# #.#
#.#####.#
#.......#
........#
##..###.# #.# #l#
#..##@#
####..#.######
#..............##
........>.......##
#...............#
#...............#
#...............#
#...............#
#...............#


You could see a wyvern (drained).

Vanquished Creatures
  Terence (D:2)
  Natasha (thrice) (D:2)
  Robin (D:2)
  3 adders
  A worm (D:2)
  A dart slug (D:1)
  7 ball pythons
  6 bats
  7 endoplasms
  2 giant cockroaches
  13 goblins
  5 hobgoblins
  4 jackals (D:1)
  A quokka (D:1)
  3 frilled lizards
  7 kobolds
  6 rats (D:1)
  A spectral kobold (D:1)
72 creatures vanquished.

Notes
Turn   | Place    | Note
-------+----------+-------------------------------------------
     0 | D:1      | booth the Gnoll Reaver began the quest for the Orb.
     0 | D:1      | Reached XP level 1. HP: 20/20 MP: 6/6
    41 | D:1      | Reached XP level 2. HP: 16/26 MP: 7/7
    92 | D:1      | Learned a level 2 spell: Momentum Strike
    98 | D:1      | Found a faded altar of an unknown god.
   398 | D:1      | Reached skill level 5 in Spellcasting
   398 | D:1      | Reached XP level 3. HP: 13/31 MP: 7/9
   603 | D:1      | Learned a level 3 spell: Hailstorm
   770 | D:1      | Reached skill level 1 in Invocations
  1191 | D:2      | Reached skill level 1 in Short Blades
  1191 | D:2      | Reached skill level 1 in Long Blades
  1191 | D:2      | Reached skill level 1 in Maces & Flails
  1191 | D:2      | Reached skill level 1 in Polearms
  1191 | D:2      | Reached skill level 1 in Staves
  1191 | D:2      | Reached skill level 1 in Ranged Weapons
  1191 | D:2      | Reached skill level 1 in Throwing
  1191 | D:2      | Reached skill level 1 in Armour
  1191 | D:2      | Reached skill level 1 in Stealth
  1191 | D:2      | Reached skill level 1 in Shields
  1191 | D:2      | Reached skill level 1 in Unarmed Combat
  1191 | D:2      | Reached skill level 1 in Evocations
  1220 | D:2      | Noticed Natasha
  1230 | D:2      | Killed Natasha
  1231 | D:2      | Reached XP level 4. HP: 17/38 MP: 11/11
  1346 | D:2      | Reached skill level 1 in Hexes
  1346 | D:2      | Reached skill level 1 in Summonings
  1346 | D:2      | Reached skill level 1 in Necromancy
  1346 | D:2      | Reached skill level 1 in Translocations
  1346 | D:2      | Reached skill level 1 in Transmutations
  1346 | D:2      | Reached skill level 1 in Fire Magic
  1346 | D:2      | Reached skill level 1 in Ice Magic
  1346 | D:2      | Reached skill level 1 in Air Magic
  1346 | D:2      | Reached skill level 1 in Earth Magic
  1346 | D:2      | Reached skill level 1 in Poison Magic
  1467 | D:2      | Learned a level 1 spell: Apportation
  1779 | D:2      | Noticed Natasha
  1794 | D:2      | Killed Natasha
  1795 | D:2      | Reached XP level 5. HP: 11/43 MP: 12/12
  1964 | D:2      | Noticed Robin
  1983 | D:2      | Killed Robin
  1989 | D:2      | Noticed Natasha
  2001 | D:2      | Killed Natasha
  2170 | D:2      | Noticed Terence
  2185 | D:2      | Killed Terence
  2583 | D:3      | Learned a level 2 spell: Blink
  2696 | D:3      | You fall into a shaft and drop 3 floors!
  2716 | D:6      | Noticed a wyvern
  2730 | D:6      | Mangled by a wyvern

Illustrated notes

Levels and vault maps discovered:
D:1:      dpeg_arrival_tiny_f, layout_loops_cross,
          dreamdust_ecumenical_altar_drowned_temple, minmay_door_square,
          minmay_hexomino_c4
D:2:      layout_loops_ring, nicolae_concentric_dashed_squares_mild, uniq_robin,
          uniq_terence, uniq_natasha
D:3:      layout_loops_ring
D:6:      layout_rooms, mainiacjoe_overflow_brackets

Skill      XL: |  1  2  3  4  5 |
---------------+----------------+-----
Spellcasting   | 5 |  5.3
Invocations    | 1 2 |  2.0
Short Blades   | 1 |  1.8
Long Blades    | 1 |  1.8
Maces & Flails | 1 |  1.8
Polearms       | 1 |  1.8
Staves         | 1 |  1.8
Ranged Weapons | 1 |  1.8
Throwing       | 1 |  1.8
Armour         | 1 |  1.8
Stealth        | 1 |  1.8
Shields        | 1 |  1.8
Unarmed Combat | 1 |  1.8
Evocations     | 1 |  1.8
Hexes          | 1 |  1.4
Summonings     | 1 |  1.4
Necromancy     | 1 |  1.4
Translocations | 1 |  1.4
Transmutations | 1 |  1.4
Fire Magic     | 1 |  1.4
Ice Magic      | 1 |  1.4
Air Magic      | 1 |  1.4
Earth Magic    | 1 |  1.4
Poison Magic   | 1 |  1.4
Fighting       | |  4.9
Axes           | |  6.8
Dodging        | |  4.9
Conjurations   | |  5.6

Action                     |  1- 3 |  4- 6 || total
---------------------------+-------+-------++-------
  Melee: Hand axe          |    61 |    61 ||   122
         Bite              |    14 |     9 ||    23
         Punch             |     1 |     1 ||     2
         Dagger            |    69 |    52 ||   121
  Throw: Dart              |       |     2 ||     2
   Cast: Kiss of Death     |       |     1 ||     1
    Use: Scroll            |     3 |     2 ||     5
   Stab: Sleeping          |     1 |     2 ||     3
 Armour: Leather armour    |    29 |    35 ||    64
  Dodge: Dodged            |    60 |    49 ||   109
